Kradschützen Motorcycle Team
Selects Italian Combined Arms Battlegroup
Selects Bersaglieri Squad
Construct Light Support Kompanie
Selects Bersaglieri Bolster
Panzerjäger Mechanized Group
Selects Breda Model 30 Light Machine Guns
Selects Semovente da 75/18 Assault Gun
Construct Panzerarmee Kommand
Selects Carro Armato M13/40 Light Tank
Selects Carro Armato M13/40 Light Tank
Carro Armato M13/40 Light Tank
Construct Mechanized Kompanie
Construct Mechanized Kompanie
Marder III Tank Destroyer
254 Reconnaissance Tractor
254 Reconnaissance Tractor
18-tonne Recovery Half-track